 Dungeon Crawl Stone Soup version 0.29.1-13-g9f3cf754e1 (webtiles) character file.

Game seed: 13032399212617786022

3 theswoord the Shield-Bearer (level 1, 0/14 HPs)
             Began as a Gargoyle Fighter on Feb 8, 2023.
             Killed from afar by a dart slug (4 damage)
             ... with a slug dart
             ... on level 1 of the Dungeon.
             The game lasted 00:00:09 (33 turns).

theswoord the Shield-Bearer (Gargoyle Fighter)        Turns: 33, Time: 00:00:10

Health: 0/14       AC:  9    Str: 19    XL:     1   Next: 50%
Magic:  1/1        EV:  9    Int:  8    God:
Gold:   0          SH:  4    Dex:  9    Spells: 0/0 levels left

rFire   . . .      SeeInvis .   a - +0 flail
rCold   . . .      Faith    .   c - +0 buckler
rNeg    + . .      Spirit   .   b - +0 scale mail
rPois   ∞          Reflect  .   (no helmet)
rElec   +          Harm     .   (no cloak)
rCorr   .          Rampage  .   (no gloves)
Will    .....                   (no boots)
Stlth   ..........              (no amulet)
HPRegen 0.04/turn               (no ring)
MPRegen 0.07/turn               (no ring)

@: no status effects
A: sickness immunity, AC +2, negative energy resistance 1, electricity
resistance, torment resistance 1, petrification resistance
a: no special abilities


You were on level 1 of the Dungeon.
You visited 1 branch of the dungeon, and saw 1 of its levels.

Inventory:

Hand Weapons
 a - a +0 flail (weapon)
Armour
 b - a +0 scale mail (worn)
 c - a +0 buckler (worn)
Potions
 d - a potion of might
 e - a potion of curing {unknown}


   Skills:
 - Level 3.2 Fighting
 + Level 2.3 Maces & Flails
 - Level 3.2 Armour
 - Level 3.2 Shields


You couldn't memorise any spells.
You didn't know any spells.
Your spell library was empty.

Dungeon Overview and Level Annotations

Branches:
Dungeon (1/15)

Altars:


Innate Abilities, Weirdness & Mutations

You are immune to sickness and miasma.
Your stone body is resilient. (AC +2)
You are immune to poison.
You resist negative energy. (rN+)
You are resistant to electric shocks. (rElec)
You are resistant to unholy torment.
You are immune to petrification.


Message History

The dart slug launches a dart at you.
The slug dart hits you but does no damage.
The goblin closely misses you. The goblin attacks as you move away!
The goblin barely misses you.
The jackal bites you but does no damage. x3
The jackal attacks as you move away!
The jackal bites you but does no damage.
You closely miss the jackal. The jackal barely misses you.
The jackal bites you but does no damage.
You block the jackal's attack.
The jackal bites you but does no damage.
You hit the jackal.
The jackal is severely wounded.
The jackal bites you but does no damage. x4
You sock the jackal!
You kill the jackal!
The jackal bites you. The goblin hits you with a +0 club.
* * * LOW HITPOINT WARNING * * *
You hit the goblin.
You kill the goblin!
The jackal barely misses you.
The jackal bites you but does no damage.
You hit the dart slug.
The dart slug is lightly wounded.
The jackal bites you but does no damage.
The jackal closely misses you.
The dart slug bites you but does no damage.
You hit the dart slug but do no damage.
The dart slug is lightly wounded.
The jackal barely misses you.
The jackal bites you but does no damage.
You block the dart slug's attack.
You hit the dart slug but do no damage.
The dart slug is lightly wounded.
The jackal bites you.
* * * LOW HITPOINT WARNING * * *
You block the jackal's attack. The dart slug launches a dart at you.
The slug dart hits you.
You die...

####.######........##
....$.....#.........#####
.........................
...........#.........##.#
.!........#..............
..........#.##..##>#<#..#
#.....###.....###.## ..
#...#wh##.##.## ### # #..
##@...>### #.#.......##
#. #........... #
#....#..##..# #...>.....
... .....##.##.# ##
.#.... #.# .# #.... ..# .


You could see a dart slug and a jackal.

Vanquished Creatures
  A goblin (D:1)
  A jackal (D:1)
  A ball python (D:1)
3 creatures vanquished.

Notes
Turn   | Place    | Note
-------+----------+-------------------------------------------
     0 | D:1      | theswoord the Gargoyle Fighter began the quest for the Orb.
     0 | D:1      | Reached XP level 1. HP: 14/14 MP: 1/1
    33 | D:1      | Killed from afar by a dart slug

Action                   || total
-------------------------++-------
Melee: Flail             ||    14
Armor: Scale mail        ||    24
Dodge: Dodged            ||    11
Block: Buckler           ||     7

Levels and vault maps discovered:
D:1:      onia_arrival_handbag, layout_rooms,
          shapermc_ecumenical_altar_hornbeckon
